 Dungeon Crawl Stone Soup version 0.27-a0-79-gcaaa221d37 (webtiles) character file.

Game seed: 18069026108860441961

289 Borgoz the Ducker (level 6, -6/51 HPs)
             Began as a Ghoul Gladiator on Jan 14, 2021.
             Killed from afar by an orc wizard (7 damage)
             ... with a magic dart
             ... on level 4 of the Dungeon.
             The game lasted 00:03:21 (2871 turns).

Borgoz the Ducker (Ghoul Gladiator)                 Turns: 2871, Time: 00:03:22

Health: -6/51      AC:  5    Str: 20    XL:     6   Next: 31%
Magic:  5/5        EV: 13    Int:  3    God:
Gold:   88         SH:  0    Dex: 10    Spells: 5/5 levels left

rFire    . . .     SeeInvis .   a - +0 long sword
rCold    + . .     Faith    .   (no shield)
rNeg     + + +     Spirit   .   q - +0 leather armour (curse)
rPois    ∞         Reflect  .   c - +0 helmet
rElec    .         Harm     .   g - +0 cloak
rCorr    +         Rampage  .   (no gloves)
Will     .....                  (no boots)
Stlth    +.........             (no amulet)
HPRegen  0.00/turn              o - ring of resist corrosion
MPRegen  0.09/turn              (no ring)

@: slowed, very slow
A: claws 1, cold resistance 1, negative energy resistance 3, inhibited
regeneration, torment resistance, unbreathing
a: no special abilities


You were on level 4 of the Dungeon.
You visited 1 branch of the dungeon, and saw 4 of its levels.

You collected 88 gold pieces.

Inventory:

Hand Weapons
 a - a +0 long sword (weapon)
Missiles
 d - 3 throwing nets (quivered)
Armour
 c - a +0 helmet (worn)
 g - a +0 cloak (worn)
 q - a cursed +0 leather armour (worn)
Jewellery
 o - a ring of resist corrosion (left claw)
Scrolls
 h - 2 scrolls of identify {unknown}
 i - 2 scrolls of fog {unknown}
 k - 3 scrolls of remove curse {unknown}
 l - a scroll of teleportation {unknown}
 m - 2 scrolls of fear {unknown}
 n - 2 scrolls of enchant armour {unknown}
 p - a scroll of noise {unknown}
Potions
 e - 4 potions of curing {unknown}
 f - a potion of degeneration {unknown}
 j - a potion of might {unknown}


   Skills:
 + Level 3.2 Fighting
 * Level 3.9 Long Blades
 - Level 1.7 Throwing
 * Level 2.6 Armour
 * Level 4.1 Dodging


You had 5 spell levels left.
You didn't know any spells.
Your spell library contained the following spells:

 Spells                   Type           Power        Failure   Level
 Animate Skeleton         Necr           0%           56%         1
 Apportation              Tloc           0%           56%         1
 Corona                   Hex            0%           56%         1
 Magic Dart               Conj           0%           56%         1
 Summon Small Mammal      Summ           0%           56%         1


Dungeon Overview and Level Annotations

Branches:
Dungeon (4/15)
 Temple: D:4-7

Altars:
Fedhas
Kikubaaqudgha
Okawaru
Sif Muna
Vehumet
The Shining One


Innate Abilities, Weirdness & Mutations

You thrive by killing the living.
You are immune to poison.
You have sharp fingernails.
Your flesh is cold resistant. (rC+)
You are immune to negative energy. (rN+++)
You do not regenerate when monsters are visible.
You are immune to unholy pain and torment.
You can survive without breathing.


Message History

The orc wizard hits you with a +1 dagger of venom.
The ogre barely misses you.
The orc wizard gestures at you while chanting.
You resist with some effort.
You barely miss the orc wizard.
The orc wizard is almost dead.
The orc wizard casts a spell.
The orc wizard blinks!
The ogre closely misses you.
The ogre hits you with a cursed -2 giant club!!
The hound misses you.
A scorpion comes into view.
You barely miss the hound. The hound bites you.
The orc wizard points at you and mumbles some strange words.
You feel as though you will be slow longer.
The ogre hits you with a cursed -2 giant club!!
* * * LOW HITPOINT WARNING * * *
The hound bites you but does no damage. The orc wizard casts a spell at you.
The magic dart hits you!
You die...

.. # .# #. # .#
.#=.#. .. ....#s
.##
.....###..###..
#....#.......
..##..hOo)......
.......@##).#+#.
........# .+
......... #
#........#
#.........
...........
##..#......
...........


You could see an ogre, a scorpion, a hound and an orc wizard (fast).

Vanquished Creatures
  A howler monkey (D:3)
  An orc wizard (D:3)
  Jessica (D:3)
  Natasha (D:4)
  4 gnolls (D:3)
  2 adders (D:3)
  An ooze (D:2)
  A worm (D:2)
  4 dart slugs
  A leopard gecko (D:3)
  20 orcs
  5 giant cockroaches
  7 goblins
  10 hobgoblins
  10 kobolds
  A ball python (D:1)
  4 bats
  A frilled lizard (D:1)
  10 rats
85 creatures vanquished.

Notes
Turn   | Place    | Note
-------+----------+-------------------------------------------
     0 | D:1      | Borgoz the Ghoul Gladiator began the quest for the Orb.
     0 | D:1      | Reached XP level 1. HP: 17/17 MP: 0/0
    41 | D:1      | Reached XP level 2. HP: 22/24 MP: 1/1
   258 | D:1      | Reached skill level 1 in Armour
   277 | D:1      | Reached skill level 3 in Dodging
   401 | D:1      | Reached XP level 3. HP: 30/30 MP: 2/2
   602 | D:2      | Found an iron altar of Okawaru.
  1562 | D:3      | Reached XP level 4. HP: 31/37 MP: 3/3
  1703 | D:3      | Found a radiant altar of Vehumet.
  1709 | D:3      | Identified Vehumet's Compendium of Arcane Weapons
  1712 | D:3      | Found an ancient bone altar of Kikubaaqudgha.
  1713 | D:3      | Found a shimmering blue altar of Sif Muna.
  1816 | D:3      | Noticed Jessica
  1834 | D:3      | Reached XP level 5. HP: 29/44 MP: 4/4
  1837 | D:3      | Killed Jessica
  2375 | D:3      | Found a glowing golden altar of the Shining One.
  2378 | D:3      | Found a blossoming altar of Fedhas.
  2505 | D:4      | Noticed Natasha
  2520 | D:3      | Reached skill level 4 in Dodging
  2520 | D:3      | Reached XP level 6. HP: 16/51 MP: 5/5
  2867 | D:4      | Killed Natasha
  2871 | D:4      | HP: 1/51 [ogre/cursed -2 giant club (23)]
  2871 | D:4      | Killed from afar by an orc wizard

Illustrated notes

Levels and vault maps discovered:
D:1:      tarquinn_simple_flora_water_f, layout_rooms
D:2:      layout_basic, okawaru_ov_weapons_minmay
D:3:      layout_loops_cross, grunt_temple_overflow_magic_moments,
          nicolae_overflow_hidden_temple, uniq_jessica
D:4:      layout_cave_pools, kennysheep_mini_moat, uniq_natasha

Skill      XL: |  1  2  3  4  5 |
---------------+----------------+-----
Armour         | 1 2 |  2.6
Dodging        | 3 4 |  4.1
Long Blades    | 3 |  3.9
Fighting       | 3 |  3.2
Throwing       | |  1.7

Action                   |  1- 3 |  4- 6 || total
-------------------------+-------+-------++-------
Melee: Long sword        |   107 |   143 ||   250
 Stab: Sleeping          |     1 |       ||     1
Armor: Leather armour    |    27 |    31 ||    58
Dodge: Dodged            |    71 |   108 ||   179
       Rpst.: Long sword |    19 |    38 ||    57

Table legend: (Time is in decaauts)
 A = Elapsed time spent in this place.
 B = Non-inter-level travel time spent in this place.
 C = Inter-level travel time spent in this place.
 D = Time resting spent in this place.
 E = Time spent auto-exploring this place.
 F = Levels seen in this place.
 G = Mean time per level.
                   A        B        C        D        E       F      G
               +--------+--------+--------+--------+--------+-----+--------+
         Total |   2933 |   2827 |    106 |    495 |   1777 |   4 |  733.2 |
       Dungeon |   2933 |   2827 |    106 |    495 |   1777 |   4 |  733.2 |
               +--------+--------+--------+--------+--------+-----+--------+

Top non-repeatable levels by time:
     D:3: 1540 daAuts
     D:2: 857 daAuts
     D:1: 503 daAuts
     D:4: 32 daAuts
